 Dungeon Crawl Stone Soup version 0.27-a0-1312-g5cdb2b3542 (webtiles) character file.

Game seed: 8858650551055001891

53 dickylongcocking the Insei (level 3, -3/23 HPs)
             Began as an Octopode Transmuter on June 20, 2021.
             Slain by an orc (4 damage)
             ... on level 2 of the Dungeon.
             The game lasted 00:01:03 (1898 turns).

dickylongcocking the Insei (Octopode Transmuter)    Turns: 1898, Time: 00:01:04

Health: -3/23      AC:  1    Str:  9    XL:     3   Next: 87%
Magic:  6/6        EV: 13    Int: 14    God:
Gold:   46         SH:  0    Dex: 12    Spells: 5/6 levels left

rFire    . . .     SeeInvis .     - Unarmed
rCold    . . .     Faith    .   (no shield)
rNeg     . . .     Spirit   .   (helmet restricted)
rPois    .         Reflect  .   (no amulet)
rElec    .         Harm     .   (no ring)
rCorr    .         Rampage  .   (no ring)
Will     .....                  (no ring)
Stlth    ++........             (no ring)
HPRegen  0.07/turn              (no ring)
MPRegen  0.10/turn              (no ring)
                                (no ring)
                                (no ring)

@: flying
A: almost no armour, amphibious, 8 rings, camouflage 1, gelatinous body 1,
(nimble swimmer 1), tentacles, tentacle spike 1, dopey 1
a: no special abilities


You were on level 2 of the Dungeon.
You visited 1 branch of the dungeon, and saw 2 of its levels.

You collected 46 gold pieces.

Inventory:

Magical Staves
 g - a staff of conjuration
Jewellery
 h - a +6 ring of intelligence
Scrolls
 a - 2 scrolls of teleportation {unknown}
 b - 2 scrolls of holy word {unknown}
 c - a scroll of enchant weapon {unknown}
 e - 2 scrolls of enchant armour {unknown}
Potions
 d - a potion of cancellation {unknown}


   Skills:
 - Level 1.0 Fighting
 - Level 2.0 Dodging
 * Level 4.7 Unarmed Combat
 - Level 2.0 Spellcasting
 - Level 2.0 Transmutations


You had 5 spell levels left.
You knew the following spells:

 Your Spells              Type           Power      Damage    Failure   Level
a - Beastly Appendage     Tmut           14%        N/A       11%         1

Your spell library contained the following spells:

 Spells                   Type           Power      Damage    Failure   Level
 Wereblood                Tmut           7%         N/A       16%         2
 Animate Skeleton         Necr           2%         N/A       24%         1
 Apportation              Tloc           2%         N/A       24%         1
 Corona                   Hex            1%         N/A       24%         1
 Summon Small Mammal      Summ           4%         N/A       24%         1
 Spider Form              Tmut/Pois      2%         N/A       43%         3
 Ice Form                 Ice/Tmut       4%         N/A       83%         4


Dungeon Overview and Level Annotations

Branches:
Dungeon (2/15)

Altars:


Innate Abilities, Weirdness & Mutations

You cannot wear most types of armour.
You are amphibious.
You can wear up to eight rings at the same time.
Your skin changes colour to match your surroundings (Stealth+).
Your rubbery body absorbs attacks. (AC +1, EV +1)
((You are camouflaged near water. (Stealth+)))
You have tentacles for arms and can constrict up to eight enemies at once.
One of your tentacles bears a spike.
You are dopey. (Int -2)


Message History

You see here a +0 club.
No target in view!
A giant cockroach comes into view.
An orc comes into view. It is wielding a +0 flail.
There are monsters nearby!
There are monsters nearby!
The orc shouts!
You hear a shout!
An orc comes into view. It is wielding a +0 short sword.
There are monsters nearby!
An orc comes into view. It is wielding a +0 trident.
The orc shouts!
The giant cockroach bites you but does no damage.
The giant cockroach bites you.
You barely miss the giant cockroach. You grab the giant cockroach.
You squeeze the giant cockroach.
You kill the giant cockroach!
The orc hits you from afar with a +0 trident.
You tentacle-slap the orc. You grab the orc.
The orc is moderately wounded.
You constrict the orc. The orc hits you but does no damage.
The orc hits you from afar with a +0 trident!
You are too injured to fight recklessly!
You tentacle-slap the orc.
You kill the orc!
The orc hits you with a +0 flail!
* * * LOW HITPOINT WARNING * * *
The orc hits you from afar with a +0 trident.
* * * LOW HITPOINT WARNING * * *
You are too injured to fight recklessly!
Unknown command.
The orc throws a boomerang.
The boomerang closely misses you.
It was a potion of mutation.
You feel extremely strange.
You feel stupid.
One of your lower tentacles grows a sharp spike.
The orc hits you from afar with a +0 trident.
* * * LOW HITPOINT WARNING * * *
It was a potion of flight.
You feel very buoyant.
You fly up into the air.
The orc misses you. The orc hits you with a +0 flail.
You die...

....... .......
....... ##.......
#........ ###
#.)...... ..#
###o....... ## #.≈♣#
########.o........ #.
#≈♣P#
#.).....@#..###### #.
###♣≈≈###.########.##
#. ...≈≈P#...# ##..#
#> #..≈...### ##...##
#. ##.....# ###..##
##. #.....# ##...#
###..
###.###..##..###
####...# #...#
##.##.#######
#._..### ..#..#
#...)<.....# #..###


You could see 2 orcs.

Vanquished Creatures
  A dart slug (D:1)
  2 orcs (D:2)
  5 endoplasms
  2 giant cockroaches
  4 goblins
  2 hobgoblins (D:1)
  8 jackals (D:2)
  3 kobolds
  A quokka (D:2)
  4 ball pythons
  4 bats
  4 frilled lizards
  4 rats
44 creatures vanquished.

Vanquished Creatures (others)
  15 plants (D:2)
15 creatures vanquished.

Grand Total: 59 creatures vanquished

Notes
Turn   | Place    | Note
-------+----------+-------------------------------------------
     0 | D:1      | dickylongcocking the Octopode Transmuter began the quest
                  | for the Orb.
     0 | D:1      | Reached XP level 1. HP: 13/13 MP: 3/3
   409 | D:1      | Reached XP level 2. HP: 12/18 MP: 3/5
  1164 | D:2      | Found a faded altar of an unknown god.
  1212 | D:2      | Reached skill level 4 in Unarmed Combat
  1232 | D:2      | Reached XP level 3. HP: 14/23 MP: 4/6
  1897 | D:2      | Gained mutation: You are dopey. (Int -2) [potion of
                  | mutation]
  1897 | D:2      | Gained mutation: One of your tentacles bears a spike.
                  | [potion of mutation]
  1897 | D:2      | HP: 1/23 [orc (1)]
  1898 | D:2      | Slain by an orc

Illustrated notes

Levels and vault maps discovered:
D:1:      dpeg_arrival_rhombi, layout_loops_ring, st_stairs_3,
          minmay_door_square, minmay_misc_feat_columns, dk_noncrumbling_4
D:2:      layout_rooms, basic_ecumenical_altar, serial_bayou,
          serial_bayou_pond_c, serial_bayou_pond_a, serial_bayou_pond_e,
          serial_bayou_pond_b

Skill      XL: |  1  2 |
---------------+-------+-----
Unarmed Combat | 4 |  4.7
Fighting       | |  1.0
Dodging        | |  2.0
Spellcasting   | |  2.0
Transmutations | |  2.0

Action                   || total
-------------------------++-------
Melee: Unarmed           ||    87
       Constrict         ||    26
       Kick              ||    10
       Tentacles         ||    16
       Punch             ||     1
 Cast: Beastly Appendage ||    18
  Use: Potion            ||     2
 Stab: Sleeping          ||     6
Armor: Skin              ||    11
Dodge: Dodged            ||    68

Table legend: (Time is in decaauts)
 A = Elapsed time spent in this place.
 B = Non-inter-level travel time spent in this place.
 C = Inter-level travel time spent in this place.
 D = Time resting spent in this place.
 E = Time spent auto-exploring this place.
 F = Levels seen in this place.
 G = Mean time per level.
                   A        B        C        D        E       F      G
               +--------+--------+--------+--------+--------+-----+--------+
         Total |   1890 |   1868 |     22 |     59 |   1522 |   2 |  945.0 |
       Dungeon |   1890 |   1868 |     22 |     59 |   1522 |   2 |  945.0 |
               +--------+--------+--------+--------+--------+-----+--------+

Top non-repeatable levels by time:
     D:1: 1147 daAuts
     D:2: 743 daAuts
